 Dungeon Crawl Stone Soup version 0.31.0-9-g3a7656b989 (webtiles) character file.

Game seed: 12279818284728591663

126 Couri the Trooper (level 5, -3/55 HPs)
             Began as an Oni Warper on Feb 6, 2024.
             Was a Believer of Ru.
             Slain by a gnoll
             ... wielding a +2 whip of electrocution
             ... led by a gnoll bouda
              (8 damage)
             ... on level 4 of the Dungeon.
             The game lasted 00:11:01 (3131 turns).

Couri the Trooper (Oni Warper)                      Turns: 3131, Time: 00:11:02

Health: -3/55      AC:  4    Str: 17    XL:     5   Next: 9%
Magic:  8/8        EV:  9    Int: 14    God:    Ru [**....]
Gold:   215        SH:  5    Dex:  8    Spells: 8/8 levels left

rFire   x . .        k - +1 short sword (flame)
rCold   x . .        (no shield)
rNeg    + . .        b - +1 robe
rPois   .            (helmet restricted)
rElec   .            (no cloak)
rCorr   .            (gloves unavailable)
SInv    .            (boots unavailable)
Will    .....        y - amulet of reflection
Stlth   +            m - ring of positive energy
HPRegen 0.29/turn    (no ring)
MPRegen 0.11/turn

%: reflection
@: no status effects
A: large, unfitting armour, horns 1, tough skin 1, temperature sensitive, double
potion healing, drunken brawling
a: Renounce Religion


You were on level 4 of the Dungeon.
You worshipped Ru.
Ru was pleased with you.
You visited 1 branch of the dungeon, and saw 4 of its levels.

You collected 292 gold pieces.
You spent 77 gold pieces at shops.

Inventory:

Hand Weapons
 a - a +0 mace
 k - a +1 short sword of flaming (weapon)
 C - a +0 whip
Missiles
 d - 7 darts of dispersal (quivered)
 n - 2 throwing nets
 p - 7 poisoned darts
 A - 2 javelins
Armour
 b - a +1 robe (worn)
Jewellery
 m - a ring of positive energy (left hand)
 y - an amulet of reflection (around neck)
Scrolls
 c - a scroll of blinking
 g - a scroll of brand weapon {unknown}
 j - a scroll of silence
 l - 3 scrolls of enchant armour
 q - a scroll of fog
 t - 2 scrolls of fear {unknown}
 v - a scroll of enchant weapon {unknown}
 x - 3 scrolls of revelation {unknown}
 B - a scroll of teleportation
Potions
 e - a potion of lignification {unknown}
 f - 2 potions of heal wounds
 h - 2 potions of degeneration
 i - a potion of might {unknown}
 o - a potion of curing {unknown}
 r - a potion of ambrosia {unknown}
 s - a potion of berserk rage {unknown}
 u - a potion of brilliance {unknown}
 w - a potion of attraction {unknown}
 z - a potion of enlightenment


   Skills:
 * Level 4.7 Fighting
 * Level 3.5 Maces & Flails
 - Level 1.1 Throwing
 + Level 1.4 Armour
 - Level 2.1 Dodging
 - Level 2.4 Spellcasting
 - Level 2.7 Translocations


You had 8 spell levels left.
You didn't know any spells.
Your spell library contained the following spells:

 Spells                   Type           Power      Damage    Failure   Level
 Blink                    Tloc           18%        N/A       11%         2
 Lesser Beckoning         Tloc           18%        N/A       11%         2
 Kiss of Death            Conj/Necr      4%         2d5       22%         1
 Necrotise                Necr           4%         1d4       22%         1
 Teleport Other           Tloc           9%         N/A       22%         3
 Confusing Touch          Hex            1%         N/A       56%         3
 Manifold Assault         Tloc           9%         N/A       58%         4
 Vhi's Electric Charge    Tloc/Air       10%        N/A       78%         4
 Dispel Undead            Necr           1%         3d6       92%         4
 Enfeeble                 Hex            0%         N/A       100%        7
 Borgnjor's Revivificati  Necr           0%         N/A       100%        8


Dungeon Overview and Level Annotations

Branches:
Dungeon (4/15)
 Temple: D:4-7

Altars:
Elyvilon
Ru

Shops:
D:3 ?   D:4 :([!

Annotations:
D:3 2 runed translucent doors, kalagan's ghost, weakling DECj


Innate Abilities, Weirdness & Mutations

You are too large for most types of armour.
You have a pair of small horns on your head.
You have tough skin. (AC +1)
You are sensitive to extremes of temperature. (rF-, rC-)
You gain doubled healing and magic from potions.
Whenever you drink a healing potion, you attack all around you.


Message History

The gnoll hits you with a +0 whip!
You barely miss the gnoll.
The gnoll is lightly wounded.
You block the gnoll's attack.
You hit the gnoll. You burn the gnoll. Your headbutt misses the gnoll.
The gnoll is severely wounded.
The gnoll barely misses you.
You hit the gnoll. You burn the gnoll.
You kill the gnoll!
You now have 215 gold pieces (gained 10).
You see here a +0 whip.
C - a +0 whip You start resting.
HP restored.
Kalagan's ghost turns its malevolent gaze towards you.
Could not explore, unopened runed door.
Okay, then.
There is a stone staircase leading down here.
You climb downwards.
There is a stone staircase leading up here.
A gnoll comes into view.
It is wielding a +2 whip of electrocution.
You hit the gnoll. You burn the gnoll. You headbutt the gnoll.
The gnoll is moderately wounded.
The gnoll hits you but does no damage.
You barely miss the gnoll.
The gnoll is moderately wounded.
The gnoll is stunned by your conviction and fails to attack.
You hit the gnoll. You burn the gnoll.
The gnoll is severely wounded.
The gnoll hits you with a +2 whip of electrocution.
You are electrocuted!!
You barely miss the gnoll.
The gnoll is severely wounded.
The gnoll hits you with a +2 whip of electrocution!
You are electrocuted!
* * * LOW HITPOINT WARNING * * *
You closely miss the gnoll.
The gnoll is severely wounded.
The gnoll hits you with a +2 whip of electrocution!
You die...

#...# #!#.....## #.#
.....##........######g#
......#...........g.g.#
...............########
..............##
.....#).#....#
.....##.##.#.#
..g..##.##g#.#
#.....##@#.#
#.##..##.#.#
#.##..##.#.#
#........#.#
###.....####.#
.............# ###
####.#..###### #..
#.#..# #.# #.#..# #(#


You could see a gnoll.

Vanquished Creatures
  A bombardier beetle (D:4)
  An adder (D:3)
  A gnoll (D:3)
  A dart slug (D:4)
  A ribbon worm (D:2)
  An orc (D:3)
  5 ball pythons
  6 endoplasms
  A giant cockroach (D:1)
  3 hobgoblins
  4 jackals (D:2)
  3 quokkas
  6 bats
  10 frilled lizards
  8 goblins
  12 kobolds
  10 rats
74 creatures vanquished.

Notes
Turn   | Place    | Note
-------+----------+-------------------------------------------
     0 | D:1      | Couri the Oni Warper began the quest for the Orb.
     0 | D:1      | Reached XP level 1. HP: 22/22 MP: 3/3
   124 | D:1      | Reached skill level 3 in Fighting
   164 | D:1      | Reached XP level 2. HP: 31/31 MP: 5/5
   588 | D:1      | Reached XP level 3. HP: 34/37 MP: 6/6
  1144 | D:2      | Found a white marble altar of Elyvilon.
  1301 | D:2      | Found a faded altar of an unknown god.
  1313 | D:2      | Prayed at the altar of an unknown god.
  1313 | D:2      | Became a worshipper of Ru the Awakened
  1319 | D:2      | Gained mutation: You are sensitive to extremes of
                  | temperature. (rF-, rC-) [Ru sacrifice]
  1319 | D:2      | Reached * piety under Ru
  1319 | D:2      | Reached ** piety under Ru
  1416 | D:2      | Identified the +2 ring mail of the Kettle-Drum {Slay+3}
  1570 | D:2      | Reached skill level 4 in Fighting
  1570 | D:2      | Reached skill level 1 in Armour
  1842 | D:3      | Reached XP level 4. HP: 48/48 MP: 7/7
  2071 | D:3      | Got the Treatise on Beguiling Sciomancy
  2265 | D:3      | Found a large runed translucent door.
  2265 | D:3      | Found a large runed translucent door.
  2266 | D:3      | Noticed kalagan's ghost (weakling DECj)
  2436 | D:3      | Found Liosyisu's Magic Scroll Shop.
  2439 | D:3      | Bought a scroll of identify for 22 gold pieces
  2439 | D:3      | Bought a scroll of identify for 22 gold pieces
  2439 | D:3      | Bought a scroll of teleportation for 33 gold pieces
  2639 | D:4      | Found Gurui's Distillery.
  2642 | D:4      | Found Dehiacubb's Antique Weapon Boutique.
  2642 | D:4      | Found Xempar's Antique Armour Boutique.
  2643 | D:4      | Found Othriahe's Book Boutique.
  2864 | D:4      | Reached XP level 5. HP: 55/55 MP: 8/8
  3131 | D:4      | Slain by a gnoll

Illustrated notes

Levels and vault maps discovered:
D:1:      dpeg_arrival_short_road, layout_basic, hangedman_abyss_or_decor_stabs
D:2:      layout_rooms, hellmonk_ecumenical_altar_arch_garden, basic_altar,
          minmay_randomly_rotated_circles
D:3:      layout_loops_cross, serial_shops, nicolae_shop_tiny_real_fake_doors,
          ebering_ghost_disaster_area, minivault_11, minmay_misc_feat_enclosed
D:4:      layout_loops_ring, mainiacjoe_overflow_large_starburst,
          minmay_shop_grid_forest, dreamdust_mushroom_princess

Skill      XL: |  1  2  3 |
---------------+----------+-----
Fighting       | 3 4 |  4.7
Armour         | 1 |  1.4
Maces & Flails | 3 |  3.5
Throwing       | |  1.1
Dodging        | |  2.1
Spellcasting   | |  2.4
Translocations | |  2.7

Action                     |  1- 3 |  4- 6 || total
---------------------------+-------+-------++-------
  Melee: Mace              |    54 |       ||    54
         Headbutt          |    18 |    14 ||    32
         Short sword       |    88 |    56 ||   144
 Invoke: Sacrifice Resista |     1 |       ||     1
    Use: Scroll            |       |     6 ||     6
         Potion            |       |     1 ||     1
   Stab: Sleeping          |     1 |       ||     1
 Armour: Robe              |   111 |    33 ||   144
  Dodge: Dodged            |    81 |    17 ||    98
  Block: Other             |       |    10 ||    10
